 Dungeon Crawl Stone Soup version 0.32-a0-738-g1a05c61809 (webtiles) character file.

Game seed: 3783371791488917988

50379 terter the Eclecticist (level 14, -3/88 HPs)
             Began as a Djinni Fire Elementalist on Mar 17, 2024.
             Was a High Priest of Makhleb.
             Slain by a merfolk impaler
             ... wielding a +0 demon trident of electrocution
              (11 damage)
             ... on level 1 of the Shoals.
             The game lasted 02:45:01 (20874 turns).

terter the Eclecticist (Djinni Fire Elementalist)  Turns: 20874, Time: 02:45:05

Health: -3/88      AC: 10    Str:  7    XL:     14   Next: 97%
Gold:   1225       EV: 12    Int: 22    God:    Makhleb [*****.] SH:  0 Dex: 14

rFire   + + +        (no weapon)
rCold   x x .        X - orb {*channel}
rNeg    . . .        H - +0 acid dragon scales
rPois   ∞            Y - +0 helmet
rElec   .            Q - +0 cloak {rCorr}
rCorr   +            (no gloves)
SInv    +            (boots unavailable)
Will    +....        G - amulet of regeneration
Stlth   ++++         f - ring of see invisible
HPRegen 1.14/turn    B - ring of fire
MPRegen 0.00/turn

%: infuse magic (-4 HP)
@: flying
A: sickness immunity, fire resistance 2, cold vulnerability 1, float, innate
caster, HP casting, extra vitality 1, camouflage 1
a: Renounce Religion, Minor Destruction, Lesser Servant of Makhleb, Major
Destruction, Greater Servant of Makhleb


You were on level 1 of the Shoals.
You worshipped Makhleb.
Makhleb was extremely pleased with you.
You visited 6 branches of the dungeon, and saw 20 of its levels.
You also visited: Sewer.

You collected 1345 gold pieces.
You spent 120 gold pieces at shops.

Inventory:

Hand Weapons
 h - a +2 battleaxe of electrocution
 U - a +4 scimitar of flaming
Missiles
 F - 2 throwing nets
Armour
 k - a +2 robe of positive energy
 H - +0 acid dragon scales (worn)
 Q - a +0 cloak of preservation (worn)
 X - an orb of energy (worn)
 Y - a +0 helmet (worn)
Magical Staves
 z - a staff of death
Jewellery
 d - a ring of wizardry
 e - a +6 ring of dexterity
 f - a ring of see invisible (left hand)
 A - a +6 ring of dexterity
 B - a ring of fire (right hand)
 G - an amulet of regeneration (around neck)
 I - an amulet of reflection
 Z - a ring of fire
Talismans
 J - a flux talisman
Wands
 a - a wand of polymorph (3)
 l - a wand of roots (16)
 o - a wand of digging (6)
 y - a wand of paralysis (10)
 P - a wand of flame (17)
Scrolls
 b - 2 scrolls of torment
 c - 2 scrolls of immolation
 i - a scroll of blinking
 m - 3 scrolls of brand weapon
 q - a scroll of identify
 t - a scroll of butterflies
 u - a scroll of fog
 v - 9 scrolls of teleportation
 w - 2 scrolls of enchant weapon
 x - a scroll of acquirement
 L - 2 scrolls of enchant armour
 M - a scroll of fear {unknown}
 N - a scroll of poison {unknown}
 S - 2 scrolls of amnesia
Potions
 g - 4 potions of mutation
 j - a potion of haste {unknown}
 n - 6 potions of attraction
 p - a potion of enlightenment {unknown}
 r - 2 potions of might {unknown}
 s - a potion of ambrosia {unknown}
 E - 2 potions of lignification {unknown}
 K - a potion of invisibility {unknown}
 O - a potion of heal wounds {unknown}
 R - 4 potions of resistance
 W - 3 potions of brilliance {unknown}


   Skills:
 + Level 3.6 Fighting
 + Level 7.2 Armour
 + Level 6.2 Dodging
 + Level 5.3 Stealth
 + Level 16.8 Spellcasting
 + Level 16.8 Conjurations
 + Level 16.8 Hexes
 + Level 16.8 Summonings
 + Level 16.8 Necromancy
 + Level 16.8 Translocations
 + Level 16.8 Fire Magic
 + Level 16.8 Ice Magic
 + Level 16.8 Air Magic
 + Level 16.8 Earth Magic
 + Level 16.8 Alchemy
 + Level 6.6 Invocations
 + Level 2.6 Evocations


You knew the following spells:

 Your Spells              Type           Power      Damage    Failure   Level
a - Foxfire               Conj/Fire      100%       2x1d9     0%          1
b - Scorch                Fire           100%       2d9       0%          2
c - Volatile Blastmotes   Fire/Tloc      100%       2d18      0%          3
d - Inner Flame           Hex/Fire       95%        N/A       0%          3
e - Flame Wave            Conj/Fire      95%        2d20      1%          4
f - Necrotise             Necr           100%       1d9       0%          1
g - Lesser Beckoning      Tloc           100%       N/A       0%          2
h - Tukima's Dance        Hex            75%        N/A       0%          3
i - Brom's Barrelling Bo  Conj/Erth      75%        2d9       1%          4
j - Airstrike             Air            37%        2d(6-22)  1%          4
k - Summon Mana Viper     Hex/Summ       75%        N/A       1%          5
Your spell library was empty.

Dungeon Overview and Level Annotations

Branches:
Dungeon (12/15)            Temple (1/1) D:6            Lair (3/5) D:9
 Shoals (1/4) Lair:3       Spider (0/4) Lair:3          Orc (2/2) D:12
    Elf (1/3) Orc:2         Sewer (visited)

Altars:
Ashenzari
Cheibriados
Dithmenos
Elyvilon
Fedhas
Gozag
Hepliaklqana
Makhleb
Nemelex Xobeh
Okawaru
Qazlal
Ru
Trog
Uskayaw
Wu Jian
Xom
Yredelemnul
Zin
The Shining One
Beogh

Shops:
D:3 =   D:12 [   Orc:2 *?[

Annotations:
D:2 Natasha


Innate Abilities, Weirdness & Mutations

You are immune to sickness and miasma.
You are immune to poison.
Your flesh is very heat resistant. (rF++)
You are vulnerable to cold. (rC-)
You float through the air rather than walking.
You learn spells naturally, not from books.
Your magical power is your life essence.
You have superior vitality. (+4 MHP)
Your skin changes colour to match your surroundings (Stealth+).


Message History

Press: ? - help, Dir - move target, f - merfolk impaler
Aim: a merfolk impaler, wielding a +0 demon trident of electrocution and wearing a +0 robe (empty space bonus: 3/8)
The air twists around and strikes the merfolk impaler.
The merfolk impaler is lightly wounded.
Casting: Airstrike (safe; 1% risk of failure)
Confirm with . or Enter, or press ? or * to list all spells.
Aiming: Airstrike (safe; 1% risk of failure)
Press: ? - help, Dir - move target, f/p - merfolk impaler
Aim: a merfolk impaler, wielding a +0 demon trident of electrocution and wearing a +0 robe (lightly wounded, empty space bonus: 3/8)
The air twists around and strikes the merfolk impaler!
The merfolk impaler is moderately wounded.
Casting: Airstrike (safe; 1% risk of failure)
Confirm with . or Enter, or press ? or * to list all spells.
Aiming: Airstrike (safe; 1% risk of failure)
Press: ? - help, Dir - move target, f/p - merfolk impaler
Aim: a merfolk impaler, wielding a +0 demon trident of electrocution and wearing a +0 robe (moderately wounded, empty space bonus: 6/8)
The air twists around and strikes the merfolk impaler!!
The merfolk impaler is heavily wounded.
The merfolk impaler hits you from afar with a +0 demon trident of electrocution.
You are electrocuted!
The merfolk impaler hits you from afar with a +0 demon trident of electrocution.
Casting: Airstrike (safe; 1% risk of failure)
Confirm with . or Enter, or press ? or * to list all spells.
A mana viper appears with a sibilant hiss.
The merfolk impaler completely misses you.
The merfolk impaler hits you from afar with a +0 demon trident of electrocution!!
Aiming: Paralyse
Press: ? - help, Q - select action, (/) - cycle Shift-Dir - straight line, f/p - merfolk impaler
Aim: a merfolk impaler, wielding a +0 demon trident of electrocution and wearing a +0 robe (heavily wounded, ally target, chance to affect: 37%)
The merfolk impaler resists with some effort.
The merfolk impaler hits you from afar with a +0 demon trident of electrocution!
* * * LOW HITPOINT WARNING * * *
Your mana viper barely misses the merfolk impaler.
You feel better.
The merfolk impaler hits you from afar with a +0 demon trident of electrocution.
You are electrocuted!!
* * * LOW HITPOINT WARNING * * *
Your mana viper closely misses the merfolk impaler.
The merfolk impaler hits you from afar with a +0 demon trident of electrocution!
You die...

~~~~..~~~~~~~~~~
~~~~~..~~~~~~~~~
~~~~......~~~~~ ≈
~~~............ ~≈
~~[......†..# ### ~~≈
~..........####.####.~P≈
............^....SP.PP~≈
................P.m.PPPP
................@..PPPP~
..............PPP..PP$PP
...?...........P....PP.P
.......................P
....>.................P.
.....≈≈≈≈≈≈≈......~.....
~..≈≈≈≈###≈≈≈≈...~~.....
~~≈≈≈≈## ##≈≈≈≈~~~......
~~≈≈≈## ##≈≈~~.....


You could see a merfolk impaler (ally target) and a friendly mana viper
(summoned).

Vanquished Creatures
  An orc warlord (Orc:2)
  A hydra (Lair:2)
  A merfolk avatar (Shoals:1)
  4 two-headed ogres
  Erica (D:11)
  3 orc high priests (Orc:2)
  A skyshark (Lair:3)
  A dancing weapon (D:6)
  A deep elf pyromancer (Elf:1)
  5 orc knights (Orc:2)
  2 ugly things
  4 orc sorcerers (Orc:2)
  A kobold blastminer (Orc:2)
  A meliai (Lair:3)
  A manticore (D:11)
  7 elephants
  Maggie (D:6)
  7 cane toads
  2 rime drakes
  A komodo dragon (Lair:1)
  A polar bear (Lair:3)
  A wind drake (Shoals:1)
  8 trolls
  Grinder (D:3)
  2 blink frogs (Lair:1)
  3 dream sheep (Lair:3)
  Sigmund (D:6)
  2 vampires
  2 shadows
  3 slime creatures (D:12)
  3 wyverns
  4 hogs (D:9)
  A human (D:9)
  A basilisk (Lair:3)
  6 yaks (Lair:3)
  2 steam dragons
  2 wargs (Orc:2)
  5 vampire mosquitoes
  Menkaure (D:6)
  An acid dragon (D:11)
  Duvessa (D:5)
  12 water moccasins
  25 orc warriors
  4 black bears
  A sky beast (D:6)
  3 ogres
  2 wolves (D:9)
  6 centaurs
  A phantom (D:6)
  3 kobold brigands
  3 gnoll sergeants
  2 brain worms (Sewer)
  7 bullfrogs
  2 scorpions
  6 wights
  A blink frog simulacrum (Lair:2)
  6 killer bees (D:9)
  An electric eel (Lair:3)
  10 howler monkeys
  2 bombardier beetles
  2 hounds
  A gnoll bouda (D:6)
  23 orc priests
  6 iguanas
  3 jellies
  Terence (D:2)
  Natasha (D:2)
  22 orc wizards
  13 gnolls
  7 adders
  5 river rats (Sewer)
  2 white imps
  2 ufetubi (D:5)
  2 dart slugs
  2 ribbon worms (D:2)
  93 orcs
  4 ball pythons
  6 endoplasms
  8 giant cockroaches
  5 goblins
  6 hobgoblins
  3 jackals (Sewer)
  5 quokkas
  4 bats
  21 frilled lizards
  26 kobolds
  11 rats
478 creatures vanquished.

Vanquished Creatures (collateral kills)
  The ghost of grizmgrazm2 the Martial Artist, a journeyman GnSh of Ashenzari (Lair:2)
  A hydra (Lair:3)
  5 two-headed ogres
  2 orc high priests (Orc:2)
  A dancing weapon (Orc:2)
  An orc sorcerer (Orc:2)
  Maurice (D:8)
  A cyclops (Orc:2)
  A kobold blastminer (Orc:2)
  2 elephants
  A merfolk siren (Lair:3)
  A cane toad (Lair:1)
  3 rime drakes
  2 komodo dragons
  2 polar bears
  2 dream sheep (Lair:3)
  3 blink frogs (Lair:1)
  6 yaks (Lair:3)
  2 wargs (Orc:2)
  A catoblepas simulacrum (Lair:2)
  Edmund (D:6)
  13 orc warriors
  A black mamba simulacrum (Lair:2)
  4 ogres (Orc:2)
  A skyshark simulacrum (Lair:2)
  A cane toad simulacrum (Lair:2)
  4 wights
  Dowan (D:5)
  3 killer bees (Lair:3)
  A dream sheep simulacrum (Lair:2)
  An elephant simulacrum (Lair:2)
  5 orc priests (Orc:2)
  5 orc wizards
  12 orcs
  58 foxfires
150 creatures vanquished.

Vanquished Creatures (others)
  9 dancing weapons
  An orc warrior (Orc:2)
  An orc priest (Orc:2)
  1880 foxfires
1891 creatures vanquished.

Grand Total: 2519 creatures vanquished

Notes
Turn   | Place    | Note
-------+----------+-------------------------------------------
     0 | D:1      | terter the Djinni Fire Elementalist began the quest for the
                  | Orb.
     0 | D:1      | terter set off with the following spells memorised:
                  | Foxfire, Scorch, Volatile Blastmotes, Inner Flame, Flame
                  | Wave.
     0 | D:1      | Reached XP level 1. HP: 15/15 MP: 0/0
   183 | D:1      | Reached XP level 2. HP: 17/21 MP: 0/0
   535 | D:1      | Reached XP level 3. HP: 20/25 MP: 0/0
   535 | D:1      | Learned a level 1 spell: Necrotise
   603 | D:1      | Found a faded altar of an unknown god.
   621 | D:1      | Prayed at the altar of an unknown god.
   621 | D:1      | Became a worshipper of Ashenzari the Shackled
   624 | D:1      | Fell from the grace of Ashenzari
   780 | D:2      | Noticed Terence
   798 | D:2      | Killed Terence
   799 | D:2      | Reached XP level 4. HP: 4/31 MP: 0/0
  1588 | D:2      | Noticed Natasha
  1596 | D:2      | Killed Natasha
  1597 | D:2      | Was forgiven by Ashenzari
  1597 | D:2      | Reached XP level 5. HP: 23/35 MP: 0/0
  1597 | D:2      | Learned a level 2 spell: Lesser Beckoning
  1974 | D:2      | Noticed Natasha
  2093 | D:3      | Found Zezapaup's Jewellery Boutique.
  2332 | D:3      | Found an iron altar of Okawaru.
  2394 | D:3      | Noticed Grinder
  2425 | D:3      | Killed Grinder
  2426 | D:3      | Reached skill level 5 in Spellcasting
  2426 | D:3      | Reached skill level 5 in Conjurations
  2426 | D:3      | Reached skill level 5 in Hexes
  2426 | D:3      | Reached skill level 5 in Summonings
  2426 | D:3      | Reached skill level 5 in Necromancy
  2426 | D:3      | Reached skill level 5 in Translocations
  2426 | D:3      | Reached skill level 5 in Fire Magic
  2426 | D:3      | Reached skill level 5 in Ice Magic
  2426 | D:3      | Reached skill level 5 in Air Magic
  2426 | D:3      | Reached skill level 5 in Earth Magic
  2426 | D:3      | Reached skill level 5 in Alchemy
  2426 | D:3      | Reached XP level 6. HP: 13/40 MP: 0/0
  2933 | D:4      | Reached XP level 7. HP: 37/45 MP: 0/0
  2933 | D:4      | Learned a level 3 spell: Tukima's Dance
  3300 | D:4      | Found a glowing drain.
  3363 | Sewer    | Entered a sewer
  4944 | D:5      | Entered Level 5 of the Dungeon
  4960 | D:5      | Reached XP level 8. HP: 48/51 MP: 0/0
  5144 | D:5      | Noticed Duvessa
  5151 | D:5      | Noticed Dowan
  5337 | D:5      | Killed Duvessa
  5342 | D:5      | Killed Dowan
  5343 | D:5      | Reached skill level 1 in Evocations
  6199 | D:6      | Noticed Sigmund
  6213 | D:6      | Killed Sigmund
  6223 | D:6      | Reached XP level 9. HP: 23/56 MP: 0/0
  6223 | D:6      | Learned a level 4 spell: Brom's Barrelling Boulder
  6701 | D:6      | Found a staircase to the Ecumenical Temple.
  6706 | Temple   | Entered the Ecumenical Temple
  7080 | Temple   | Became a worshipper of Makhleb the Destroyer
  7573 | D:6      | Noticed Menkaure
  7573 | D:6      | Noticed Edmund
  7751 | D:6      | Killed Edmund
  7758 | D:6      | Killed Menkaure
  7882 | D:6      | Noticed Maggie
  7890 | D:6      | Killed Maggie
  7891 | D:6      | Reached XP level 10. HP: 52/61 MP: 0/0
  8169 | D:7      | Reached skill level 10 in Spellcasting
  8169 | D:7      | Reached skill level 10 in Conjurations
  8169 | D:7      | Reached skill level 10 in Hexes
  8169 | D:7      | Reached skill level 10 in Summonings
  8169 | D:7      | Reached skill level 10 in Necromancy
  8169 | D:7      | Reached skill level 10 in Translocations
  8169 | D:7      | Reached skill level 10 in Fire Magic
  8169 | D:7      | Reached skill level 10 in Ice Magic
  8169 | D:7      | Reached skill level 10 in Air Magic
  8169 | D:7      | Reached skill level 10 in Earth Magic
  8169 | D:7      | Reached skill level 10 in Alchemy
  8313 | D:7      | Reached * piety under Makhleb
  8314 | D:7      | Reached skill level 1 in Armour
  8772 | D:7      | Found a sacrificial altar of Ru.
  9007 | D:7      | Found a white marble altar of Elyvilon.
  9208 | D:8      | Found a stormy altar of Qazlal.
  9287 | D:8      | Found a sparkling altar of Nemelex Xobeh.
  9351 | D:8      | Reached ** piety under Makhleb
  9409 | D:8      | Reached skill level 1 in Fighting
  9635 | D:8      | Noticed Maurice
  9641 | D:8      | Killed Maurice
  9722 | D:8      | Found a bloodstained altar of Trog.
 10041 | D:9      | Reached XP level 11. HP: 33/67 MP: 0/0
 10041 | D:9      | Learned a level 4 spell: Airstrike
 10140 | D:9      | Found a staircase to the Lair.
 10290 | D:9      | Found a shadowy altar of Dithmenos.
 10439 | D:9      | Reached *** piety under Makhleb
 10684 | D:10     | Entered Level 10 of the Dungeon
 10685 | D:10     | Noticed a two-headed ogre
 10690 | D:10     | Killed a two-headed ogre
 10710 | D:10     | Noticed a two-headed ogre
 10715 | D:10     | Killed a two-headed ogre
 10977 | D:10     | Found an opulent altar of Gozag.
 11446 | D:11     | Noticed a purple ugly thing
 11449 | D:11     | Killed a purple ugly thing
 11450 | D:11     | Reached skill level 5 in Armour
 11527 | D:11     | Reached **** piety under Makhleb
 11576 | D:11     | Found a snail-covered altar of Cheibriados.
 11611 | D:11     | Noticed a manticore
 11618 | D:11     | Killed a manticore
 11619 | D:11     | Reached XP level 12. HP: 51/76 MP: 0/0
 11737 | D:11     | Noticed Erica
 11742 | D:11     | Killed Erica
 12045 | D:12     | Reached skill level 1 in Invocations
 12050 | D:12     | Noticed a two-headed ogre
 12168 | D:12     | Found a staircase to the Orcish Mines.
 12241 | D:12     | Noticed a two-headed ogre
 12253 | D:12     | Killed a two-headed ogre
 12300 | D:12     | Found Voapn's Armour Shop.
 12387 | D:12     | Killed a two-headed ogre
 12533 | D:12     | Noticed a boulder beetle
 12684 | Orc:1    | Entered Level 1 of the Orcish Mines
 13112 | Orc:2    | Entered Level 2 of the Orcish Mines
 13115 | Orc:2    | Reached ***** piety under Makhleb
 13136 | Orc:2    | Noticed a two-headed ogre
 13139 | Orc:2    | Noticed a two-headed ogre
 13145 | Orc:2    | Killed a two-headed ogre
 13146 | Orc:2    | Reached skill level 5 in Dodging
 13146 | Orc:2    | Killed a two-headed ogre
 13275 | Orc:2    | Noticed a two-headed ogre
 13281 | Orc:2    | Killed a two-headed ogre
 14500 | Orc:2    | Reached XP level 13. HP: 51/81 MP: 0/0
 14500 | Orc:2    | Learned a level 5 spell: Summon Mana Viper
 14844 | Orc:2    | Found Leaguaxe's Magic Scroll Shoppe.
 14899 | Orc:2    | Bought a scroll of butterflies for 48 gold pieces
 14899 | Orc:2    | Bought a scroll of identify for 24 gold pieces
 14899 | Orc:2    | Bought a scroll of identify for 24 gold pieces
 14899 | Orc:2    | Bought a scroll of identify for 24 gold pieces
 14931 | Orc:2    | Found Zarrif's General Store.
 14931 | Orc:2    | Found a roughly hewn altar of Beogh.
 15079 | Orc:2    | Gained mutation: Your skin changes colour to match your
                  | surroundings (Stealth+). [a neqoxec]
 15243 | Orc:2    | Reached skill level 5 in Stealth
 15498 | Orc:2    | Reached skill level 15 in Spellcasting
 15498 | Orc:2    | Reached skill level 15 in Conjurations
 15498 | Orc:2    | Reached skill level 15 in Hexes
 15498 | Orc:2    | Reached skill level 15 in Summonings
 15498 | Orc:2    | Reached skill level 15 in Necromancy
 15498 | Orc:2    | Reached skill level 15 in Translocations
 15498 | Orc:2    | Reached skill level 15 in Fire Magic
 15498 | Orc:2    | Reached skill level 15 in Ice Magic
 15498 | Orc:2    | Reached skill level 15 in Air Magic
 15498 | Orc:2    | Reached skill level 15 in Earth Magic
 15498 | Orc:2    | Reached skill level 15 in Alchemy
 16054 | Orc:2    | Found a staircase to the Elven Halls.
 16059 | Elf:1    | Entered Level 1 of the Elven Halls
 16136 | Orc:2    | Noticed an orc warlord
 16300 | Orc:2    | Found a roughly hewn altar of Beogh.
 16341 | Orc:2    | Killed an orc warlord
 16464 | Orc:2    | Found Etueriy's Armour Emporium.
 16784 | Orc:2    | Found Dasynt's Antique Armour Boutique.
 16844 | Orc:2    | Reached XP level 14. HP: 38/87 MP: 0/0
 17494 | Lair:1   | Entered Level 1 of the Lair of Beasts
 18454 | Lair:2   | Reached skill level 5 in Invocations
 18782 | Lair:2   | Found a runed translucent gate.
 18783 | Lair:2   | Found a runed translucent gate.
 18784 | Lair:2   | Found a runed translucent gate.
 19414 | Lair:2   | Noticed grizmgrazm2's ghost (journeyman GnSh)
 19463 | Lair:2   | Killed grizmgrazm2's ghost
 20112 | Lair:3   | Identified a scroll of acquirement
 20212 | Lair:3   | Found a hole to the Spider Nest.
 20564 | Lair:3   | Found a staircase to the Shoals.
 20808 | Shoals:1 | Entered Level 1 of the Shoals
 20874 | Shoals:1 | Slain by a merfolk impaler

Illustrated notes

Levels and vault maps discovered:
D:1:      saegor_arrival_simple_c, layout_basic, ebering_ecumenical_altar_hall,
          minmay_tiny_reverse_x
D:2:      layout_basic, minmay_lizard_pond, uniq_natasha, uniq_terence
D:3:      layout_basic, fiery_altar_vehumet, mainiacjoe_overflow_cross_hatched,
          kiku_gazebo_garden_becter, serial_shops, shop, uniq_grinder
D:4:      layout_basic, gup_sewer_entry_pipe, serial_park_tiny_2,
          minmay_lizard_king
D:5:      layout_loops_ring, uniq_duvessa
D:6:      layout_gridville, minmay_temple_entry_grid, nicolae_grassy_gnolls,
          uniq_sigmund, uniq_menkaure, uniq_maggie, uniq_edmund
D:7:      layout_rooms, mainiacjoe_overflow_24_doors, kennysheep_mini_moat
D:8:      layout_loops_ring, mainiacjoe_overflow_small_starburst,
          nicolae_qazlal_scattered_showers, kennysheep_little_box,
          nicolae_figureground_pulse, uniq_maurice
D:9:      layout_small_grid, grunt_dithmenos_shadows, erik_lair_orcish_takeover,
          hangedman_decor_diamond_cutter, minmay_misc_feat_columns,
          grunt_livestock
D:10:     layout_cave_pools, nicolae_gozag_seed_capital
D:11:     layout_cave_pools, chei_slow_surprise, uniq_erica
D:12:     layout_cave_pools, david_orc_2, serial_shops, shop,
          serial_column_ruins, column_ruins_square_small,
          column_ruins_hut_ruined, column_ruins_open_tiny,
          column_ruins_open_tiny, column_ruins_open_small, column_ruins_grid_4,
          column_ruins_corridor_straight
Temple:   hc_temple_tempest_star
Lair:1:   layout_small_grid, serial_forest, infiniplex_forest_clump_diagonal,
          infiniplex_forest_straight_5, infiniplex_forest_straight_3,
          infiniplex_forest_lined_3, infiniplex_forest_straight_2,
          infiniplex_forest_3_way, infiniplex_forest_end_3,
          infiniplex_staircase_pool_2
Lair:2:   layout_cave_pods, gammafunk_ghost_icy
Lair:3:   layout_regular_city, minmay_shoals_entry_lonely_mermaid,
          hellmonk_spider_entry_not_the_bees, lemuel_fruit_tree,
          grunt_megastairs_4, serial_bayou_shore_a
Shoals:1: nicolae_shoals_aurelia_aurita, layout_shoals, serial_shops,
          nicolae_shop_peninsula, nicolae_shoals_dead_sea_scrolls
Orc:1:    layout_diamond_mine, ebering_ghost_inner_flame
Orc:2:    pubby_orc_utopia
Elf:1:    eino_elf_arrival_sip, layout_geoelf_grid, hangedman_elf_represent,
          uniq_azrael

Skill      XL: |  1  2  3  4  5  6  7  8  9 10 11 12 13 14 |
---------------+-------------------------------------------+-----
Stealth        | 2 3 4 5 |  5.3
Dodging        | 3 4 5 6 |  6.2
Spellcasting   | 4 5 6 7 9 11 12 14 15 16 | 16.8
Conjurations   | 4 5 6 7 9 11 12 14 15 16 | 16.8
Hexes          | 4 5 6 7 9 11 12 14 15 16 | 16.8
Summonings     | 4 5 6 7 9 11 12 14 15 16 | 16.8
Necromancy     | 4 5 6 7 9 11 12 14 15 16 | 16.8
Translocations | 4 5 6 7 9 11 12 14 15 16 | 16.8
Fire Magic     | 4 5 6 7 9 11 12 14 15 16 | 16.8
Ice Magic      | 4 5 6 7 9 11 12 14 15 16 | 16.8
Air Magic      | 4 5 6 7 9 11 12 14 15 16 | 16.8
Earth Magic    | 4 5 6 7 9 11 12 14 15 16 | 16.8
Alchemy        | 4 5 6 7 9 11 12 14 15 16 | 16.8
Evocations     | 1 2 |  2.6
Armour         | 3 5 6 7 |  7.2
Fighting       | 1 2 3 |  3.6
Invocations    | 1 4 6 |  6.6

Action                     |  1- 3 |  4- 6 |  7- 9 | 10-12 | 13-15 || total
---------------------------+-------+-------+-------+-------+-------++-------
  Melee: Unarmed           |       |       |    18 |       |       ||    18
         Punch             |       |       |     1 |       |       ||     1
   Cast: Foxfire           |    58 |    89 |   270 |   396 |   306 ||  1119
         Scorch            |     4 |     4 |    32 |    71 |    23 ||   134
         Volatile Blastmot |       |     4 |     7 |    12 |     6 ||    29
         Inner Flame       |       |     1 |     3 |     6 |     9 ||    19
         Necrotise         |       |       |     3 |     6 |     1 ||    10
         Tukima's Dance    |       |       |    16 |    49 |    18 ||    83
         Flame Wave        |       |       |     9 |    31 |    10 ||    50
         Brom's Barrelling |       |       |     6 |    19 |    19 ||    44
         Lesser Beckoning  |       |       |     1 |     2 |     2 ||     5
         Airstrike         |       |       |       |   130 |   221 ||   351
         Summon Mana Viper |       |       |       |       |    54 ||    54
 Invoke: Renounce Religion |     1 |       |       |       |       ||     1
         Minor Destruction |       |       |       |     2 |       ||     2
         Lesser Servant of |       |       |       |       |    27 ||    27
         Major Destruction |       |       |       |       |     2 ||     2
  Evoke: Wand              |       |       |     4 |     6 |     7 ||    17
    Use: Scroll            |       |       |       |    12 |    18 ||    30
         Potion            |       |       |       |       |     4 ||     4
 Armour: Robe              |     2 |    10 |    23 |       |       ||    35
         Acid dragon scale |       |       |       |   121 |    84 ||   205
  Dodge: Dodged            |       |     5 |    24 |    86 |    46 ||   161

Table legend: (Time is in decaauts)
 A = Elapsed time spent in this place.
 B = Non-inter-level travel time spent in this place.
 C = Inter-level travel time spent in this place.
 D = Time resting spent in this place.
 E = Time spent auto-exploring this place.
 F = Levels seen in this place.
 G = Mean time per level.
                   A        B        C        D        E       F      G
               +--------+--------+--------+--------+--------+-----+--------+
         Total |  20883 |  20280 |    603 |   2973 |  10381 |  21 |  994.4 |
       Dungeon |  11751 |  11386 |    365 |   1363 |   7040 |  12 |  979.2 |
        Temple |    398 |    398 |      0 |      0 |      0 |   1 |  398.0 |
          Lair |   3313 |   3189 |    124 |    237 |   2200 |   3 | 1104.3 |
        Shoals |     65 |     65 |      0 |      0 |      2 |   1 |   65.0 |
  Orcish Mines |   4348 |   4234 |    114 |   1097 |    702 |   2 | 2174.0 |
   Elven Halls |     11 |     11 |      0 |      0 |      0 |   1 |   11.0 |
         Sewer |    992 |    992 |      0 |    276 |    437 |   1 |  992.0 |
               +--------+--------+--------+--------+--------+-----+--------+

Top non-repeatable levels by time:
   Orc:2: 4171 daAuts
     D:6: 1732 daAuts
     D:2: 1309 daAuts
  Lair:3: 1192 daAuts
  Lair:2: 1189 daAuts
     D:5: 1187 daAuts
     D:4: 1054 daAuts
   Sewer: 992 daAuts
     D:9: 951 daAuts
  Lair:1: 932 daAuts
     D:7: 916 daAuts
    D:12: 916 daAuts
     D:3: 865 daAuts
     D:8: 765 daAuts
     D:1: 720 daAuts
